 Dungeon Crawl Stone Soup version 0.25-a0-24-g72dcfe0359 (webtiles) character file.

Game seed: 1926503086851390267, levelgen mode: deterministic

104607 D1HalberdGnoll the Spry (level 16, -7/139 HPs)
             Began as a Merfolk Skald on Oct 17, 2019.
             Was an Elder of Fedhas.
             Mangled by a sun demon (17 damage)
             ... summoned by an orc sorcerer
             ... on level 2 of the Orcish Mines.
             The game lasted 01:03:25 (33856 turns).

D1HalberdGnoll the Spry (Merfolk Skald)            Turns: 33856, Time: 01:03:25

Health: -7/139     AC: 20    Str: 12    XL:     16   Next: 39%
Magic:  25/25      EV: 22    Int: 23    God:    Fedhas [****..]
Gold:   2507       SH:  5    Dex: 17    Spells: 18/25 levels left

rFire    . . .     SeeInvis .   G - +8 trident (vamp)
rCold    . . .     Gourm    .   h - +0 buckler
rNeg     . . .     Faith    .   D - +4 scale mail "Koawais" {Regen+ rCorr Int+8 Stlth-}
rPois    +         Spirit   .   A - +2 helmet
rElec    .         Reflect  .   j - +0 cloak
rCorr    +         Harm     .   S - +2 pair of gloves "Igoo" {+Fly rCorr Stlth+}
MR       +....                  q - +0 pair of boots
Stlth    ..........             (no amulet)
HPRegen  0.73/turn              s - +4 ring of evasion
MPRegen  0.19/turn              i - ring of poison resistance

@: lightly drained
A: change form in water, swift swim, stealthy swim
a: Wall of Briars, Grow Ballistomycete, Overgrow, Renounce Religion, Evoke
Flight


You were on level 2 of the Orcish Mines.
You worshipped Fedhas.
Fedhas was greatly pleased with you.
You were not hungry.

You visited 4 branches of the dungeon, and saw 24 of its levels.

You collected 2627 gold pieces.
You spent 120 gold pieces at shops.

Inventory:

Hand Weapons
 G - a +8 vampiric trident (weapon)
Armour
 h - a +0 buckler (worn)
 j - a +0 cloak (worn)
 q - a +0 pair of boots (worn)
 A - a +2 helmet (worn)
 D - the +4 scale mail "Koawais" (worn) {Regen+ rCorr Int+8 Stlth-}
   (You found it on level 4 of the Lair of Beasts)

   It affects your intelligence (+8).
   It increases your rate of regeneration.
   It provides partial protection from all sources of acid and corrosion.
   It makes you less stealthy.
 S - the +2 pair of gloves "Igoo" (worn) {+Fly rCorr Stlth+}
   (You found it on level 15 of the Dungeon)

   It lets you fly.
   It provides partial protection from all sources of acid and corrosion.
   It makes you more stealthy.
Jewellery
 i - a ring of poison resistance (right hand)
 s - a +4 ring of evasion (left hand)
 H - a +4 ring of strength
 L - an uncursed ring of protection from magic
Wands
 r - a wand of acid (5)
 y - a wand of polymorph (23)
 E - a wand of random effects (18)
 M - a wand of paralysis (7)
Scrolls
 c - 6 scrolls of teleportation
 l - 2 scrolls of fog
 o - 5 scrolls of enchant armour
 t - 6 scrolls of remove curse
 F - 2 scrolls of magic mapping
 I - 8 scrolls of identify
 J - 3 scrolls of amnesia
 K - 3 scrolls of enchant weapon
 N - a scroll of holy word
 O - a scroll of blinking
 T - a scroll of fear
Potions
 a - 2 potions of haste {unknown}
 b - 3 potions of mutation
 e - 3 potions of cancellation
 f - 5 potions of heal wounds {unknown}
 g - 5 potions of curing
 k - 2 potions of berserk rage {unknown}
 m - 2 potions of magic {unknown}
 n - 4 potions of brilliance {unknown}
 u - 3 potions of invisibility {unknown}
 v - 2 potions of might {unknown}
 w - 5 potions of degeneration {unknown}
 x - 2 potions of lignification {unknown}
 z - 4 potions of ambrosia
 C - 5 potions of agility
Miscellaneous
 P - a phantom mirror
 Q - a lamp of fire (inert)
Comestibles
 d - 24 rations
 p - 8 chunks of flesh


   Skills:
 + Level 16.4(15.7) Fighting
 - Level 14.0(13.4) Polearms
 - Level 5.0(4.5) Armour
 + Level 16.7(16.0) Dodging
 - Level 4.0(3.4) Shields
 + Level 5.4(4.9) Spellcasting
 - Level 10.0(9.4) Hexes
 - Level 5.0(4.5) Charms
 + Level 12.1(11.5) Invocations


You had 18 spell levels left.
You knew the following spells:

 Your Spells              Type           Power        Failure   Level  Hunger
a - Infusion              Chrm           ####         8%          1    None
b - Song of Slaying       Chrm           ####....     12%         2    None
c - Spectral Weapon       Hex/Chrm       #####...     9%          3    ##.....
d - Confusing Touch       Hex            #####.       1%          1    None

Your spell library contained the following spells:

 Spells                   Type           Power        Failure   Level  Hunger
 Corona                   Hex            #####..      1%          1    None
 Slow                     Hex            #####...     1%          2    None
 Cause Fear               Hex            #####.....   10%         4    ####...
 Inner Flame              Hex/Fire       ####....     21%         3    ##.....
 Portal Projectile        Hex/Tloc       ####..       21%         3    ##.....
 Shroud of Golubria       Chrm/Tloc      ###...       28%         2    None
 Animate Skeleton         Necr           N/A          43%         1    None
 Apportation              Tloc           #.....       43%         1    None
 Flame Tongue             Conj/Fire      #....        43%         1    None
 Summon Butterflies       Summ           #.......     43%         1    None
 Summon Small Mammal      Summ           #...         43%         1    None
 Regeneration             Chrm/Necr      ###.......   50%         3    ##.....
 Leda's Liquefaction      Hex/Erth       ####......   56%         4    ####...
 Corpse Rot               Necr           N/A          58%         2    None
 Searing Ray              Conj           #.....       58%         2    None
 Throw Flame              Conj/Fire      #.....       58%         2    None
 Call Canine Familiar     Summ           #.......     82%         3    ##.....
 Conjure Flame            Conj/Fire      #.......     82%         3    ##.....
 Stone Arrow              Conj/Erth      #.....       82%         3    ##.....
 Sticky Flame             Conj/Fire      #.......     99%         4    ####...
 Fireball                 Conj/Fire      #.........   100%        5    #####..
 Summon Forest            Summ/Tloc      #.........   100%        5    #####..
 Freezing Cloud           Conj/Ice/Air   #.........   100%        6    #######
 Hydra Form               Tmut           #.........   100%        6    #######
 Malign Gateway           Summ/Tloc      #.........   100%        7    #######
 Summon Hydra             Summ           #.........   100%        7    #######


Dungeon Overview and Level Annotations

Branches:
Dungeon (15/15)            Temple (1/1) D:6            Lair (6/6) D:10
 Shoals (0/4) Lair:4       Spider (0/4) Lair:3        Slime (0/5) Lair:5
    Orc (2/2) D:11            Elf (0/3) Orc:2        Vaults (0/5) D:14
 Depths (0/5) D:15

Altars:
Ashenzari
Cheibriados
Dithmenos
Elyvilon
Fedhas
Gozag
Hepliaklqana
Kikubaaqudgha
Makhleb
Nemelex Xobeh
Okawaru
Qazlal
Ru
Sif Muna
Trog
Uskayaw
Vehumet
Wu Jian
Xom
Yredelemnul
Zin
The Shining One
Jiyva

Shops:
D:13 ?:   Orc:1 ?   Orc:2 %?

Annotations:
D:3 exclusion: downstairs
D:5 3 runed translucent doors, astraldaughter's ghost, amateur TrMo
D:12 2 runed translucent doors, lis82's ghost, journeyman DgWz
D:13 3 runed translucent doors
D:15 3 runed translucent doors, Zesiwosm's ghost, journeyman GrEE


Message History

The acid corrodes the sun demon!
The orc sorcerer casts a spell at you. The bolt of fire hits you!!
* * * LOW HITPOINT WARNING * * *
The sun demon hits you but does no damage.
The orc sorcerer casts a spell at you. The bolt of negative energy hits you!
You feel drained.
* * * LOW HITPOINT WARNING * * *
Things that are here:
a +3 halberd; a +0 plate armour; an orc skeleton You feel better.
The orc sorcerer casts a spell.
The sun demon hits you but does no damage.
You hit the orc sorcerer.
The orc sorcerer is lightly wounded.
You block the orc sorcerer's attack. The sun demon hits you!!
* * * LOW HITPOINT WARNING * * *
You are engulfed in flames!
You die...
Fedhas appreciates your contribution to the ecosystem.

.... ##.)...#.∩## #.#.#
##....#...### ....###...#
##...#)...###. ......###...#
##........###.. .......###...##
##...###).###...
##.......###.).###...###).###....
.#........# #4))#...###))###.....
........... #.)))#.###))P##......
........... ##.o@3###.)P.#.......
........... #.P.###..PP#........
.#............#####..####........
##.............###..###..........
###.#...........#...##...........
.#...............................
..............................#..
.................................
.................................


You could see a sun demon, a chaos spawn, an orc sorcerer and a friendly oklob
sapling.

Vanquished Creatures
  Frances (D:13)
  A stone giant (Orc:1)
  A spark wasp (shapeshifter) (D:15)
  A fire dragon (Lair:6)
  Josephine (D:9)
  A rakshasa (D:15)
  An ice dragon (Lair:6)
  4 vault guards (D:14)
  9 hydras
  A hydra (shapeshifter) (D:15)
  Erica (Lair:1)
  3 death knights
  4 two-headed ogres
  3 centaur warriors
  A catoblepas (D:14)
  An orc high priest (Orc:2)
  A fire crab (D:13)
  A wizard (D:14)
  An unseen horror (D:15)
  A glowing orange brain (D:15)
  An obsidian statue (D:15)
  3 orc sorcerers (Orc:2)
  An orb spider (shapeshifter) (D:15)
  A necromancer (D:9)
  3 lindwurms
  10 ugly things
  2 deep elf magi
  An orc knight (D:14)
  7 cyclopes
  3 manticores
  An elephant (Lair:6)
  6 black mambas
  3 centaur zombies
  15 spiny frogs
  4 torpor snails (Lair:6)
  5 komodo dragons
  3 kobold demonologists (D:11)
  A yaktaur (D:13)
  4 rime drakes
  A freezing wraith (D:14)
  An efreet (D:15)
  A queen bee (D:13)
  A tengu conjurer (D:13)
  10 trolls
  A red devil (Orc:2)
  4 meliai (D:13)
  Prince Ribbit (D:5)
  10 polar bears (Lair:6)
  3 tyrant leeches (Lair:6)
  8 hornets
  11 blink frogs
  19 hippogriffs
  9 slime creatures
  9 dream sheep
  4 flying skulls (D:9)
  A raiju (Lair:6)
  A meliai zombie (D:15)
  Sigmund (D:4)
  A shadow (D:9)
  53 yaks
  6 wraiths
  11 wyverns
  A basilisk (shapeshifter) (D:15)
  3 vampire mosquitoes
  2 basilisks
  3 hungry ghosts
  A chaos spawn (Orc:2)
  7 wargs
  8 water moccasins
  Edmund (D:5)
  An acid dragon (D:14)
  16 hell hounds
  18 porcupines
  25 orc warriors
  4 ice beasts
  3 sky beasts
  14 black bears
  4 phantoms
  9 ogres
  13 wolves (Lair:6)
  6 centaurs
  11 crocodiles
  19 big kobolds
  Blork the orc (D:6)
  15 bullfrogs
  A wyvern zombie (D:9)
  7 scorpions
  24 killer bees
  A killer bee (shapeshifter) (D:15)
  7 wights
  5 howler monkeys
  An electric eel (Lair:2)
  9 crimson imps
  3 bullfrog zombies
  8 jellies
  3 quasits
  4 bullfrog skeletons
  18 orc priests
  7 centaur skeletons
  A gnoll shaman (D:7)
  9 hounds
  Jessica (D:2)
  2 iguanas
  19 orc wizards
  2 worker ants
  3 hound zombies
  3 hound skeletons
  2 worker ant zombies (D:9)
  4 gnolls (D:7)
  3 howler monkey skeletons
  10 adders
  6 shadow imps
  2 white imps
  An ooze (D:3)
  5 adder skeletons
  3 worms
  2 dart slugs
  6 leopard geckos
  54 orcs
  5 bats
  7 giant cockroaches
  7 goblins
  5 hobgoblins
  17 jackals
  39 kobolds
  4 quokkas
  A ball python (D:1)
  6 frilled lizards
  A leopard gecko skeleton (D:7)
  A leopard gecko zombie (D:6)
  2 quokka skeletons
  2 quokka zombies (D:9)
  5 rats
  10 ballistomycete spores
  A plant (D:2)
813 creatures vanquished.

Vanquished Creatures (collateral kills)
  A catoblepas (D:14)
  A soul eater (Orc:2)
  A sixfirhy (Orc:2)
  2 slime creatures (D:15)
  3 orc knights (Orc:2)
  A deep elf mage (D:13)
  A manticore (D:14)
  3 elephants (Lair:6)
  A torpor snail (Lair:6)
  A kobold demonologist (D:11)
  A freezing wraith (D:13)
  A rime drake (D:14)
  4 hippogriffs
  A wyvern (D:14)
  A chaos spawn (Orc:2)
  A vampire mosquito (D:13)
  A water moccasin (D:13)
  6 orc warriors (Orc:2)
  A boggart (D:13)
  An ogre (D:14)
  A phantom (D:13)
  A killer bee (D:13)
  5 orc priests (Orc:2)
  8 orcs (Orc:2)
  A kobold (D:11)
  51 ballistomycete spores
100 creatures vanquished.

Vanquished Creatures (others)
  A hippogriff (Lair:6)
  An ogre (D:5)
  Ijyb (D:5)
  10 ballistomycete spores
  A bush (Lair:6)
  21 fungi
  28 plants
63 creatures vanquished.

Grand Total: 976 creatures vanquished

Notes
Turn   | Place    | Note
-------+----------+-------------------------------------------
     0 | D:1      | D1HalberdGnoll the Merfolk Skald began the quest for the
                  | Orb.
     0 | D:1      | Reached XP level 1. HP: 16/16 MP: 3/3
    71 | D:1      | Reached XP level 2. HP: 15/23 MP: 3/5
   856 | D:2      | Reached XP level 3. HP: 22/28 MP: 0/6
  1454 | D:2      | You fall into a shaft and drop 1 floor!
  1515 | D:2      | Reached skill level 1 in Shields
  1515 | D:2      | Reached XP level 4. HP: 34/34 MP: 3/7
  1671 | D:2      | Noticed Jessica
  1679 | D:2      | Killed Jessica
  2028 | D:2      | Reached skill level 5 in Polearms
  2436 | D:3      | Reached XP level 5. HP: 38/41 MP: 8/8
  2535 | D:3      | Found a glowing silver altar of Zin.
  3656 | D:4      | Noticed Sigmund
  3834 | D:4      | Killed Sigmund
  3834 | D:4      | Reached XP level 6. HP: 38/48 MP: 9/9
  4936 | D:5      | Entered Level 5 of the Dungeon
  4936 | D:5      | Noticed Prince Ribbit
  4967 | D:5      | Killed Prince Ribbit
  4967 | D:5      | Reached skill level 5 in Dodging
  4967 | D:5      | Reached XP level 7. HP: 23/54 MP: 10/10
  5138 | D:5      | Found a stormy altar of Qazlal.
  5155 | D:5      | Noticed Edmund
  5173 | D:5      | Killed Edmund
  5538 | D:5      | Reached XP level 8. HP: 21/61 MP: 11/11
  6120 | D:5      | Found a runed translucent gate.
  6120 | D:5      | Found a runed translucent gate.
  6120 | D:5      | Found a runed translucent gate.
  6120 | D:5      | Noticed astraldaughter's ghost (amateur TrMo)
  6150 | D:5      | Noticed Ijyb
  6157 | D:5      | Killed Ijyb
  6709 | D:6      | Reached skill level 5 in Fighting
  7035 | D:6      | Found a staircase to the Ecumenical Temple.
  7048 | Temple   | Entered the Ecumenical Temple
  7248 | Temple   | Became a worshipper of Fedhas Madash
  7428 | D:6      | Noticed Blork the orc
  7441 | D:6      | Killed Blork the orc
  7840 | D:7      | Reached skill level 10 in Polearms
  8484 | D:6      | Reached * piety under Fedhas
  8507 | D:6      | Reached XP level 9. HP: 56/69 MP: 12/12
  9020 | D:7      | Found a glowing golden altar of the Shining One.
  9385 | D:7      | Found a shimmering blue altar of Sif Muna.
  9719 | D:8      | Identified the Handbook of the Excruciating Entourage
 11792 | D:9      | Reached ** piety under Fedhas
 11896 | D:9      | Reached XP level 10. HP: 72/79 MP: 13/13
 12133 | D:9      | Noticed Josephine
 12152 | D:9      | Killed Josephine
 12239 | D:9      | Noticed a necromancer
 12254 | D:9      | Killed a necromancer
 12254 | D:9      | Reached skill level 10 in Dodging
 12344 | D:9      | Learned a level 2 spell: Song of Slaying
 12429 | D:9      | Reached skill level 1 in Armour
 12447 | D:9      | Reached skill level 1 in Invocations
 13097 | D:10     | Entered Level 10 of the Dungeon
 13110 | D:10     | Reached XP level 11. HP: 70/89 MP: 14/16
 13183 | D:10     | Reached *** piety under Fedhas
 13405 | D:10     | Noticed a two-headed ogre
 13419 | D:10     | Killed a two-headed ogre
 13673 | D:10     | Found a staircase to the Lair.
 14027 | D:10     | Reached **** piety under Fedhas
 14870 | Lair:1   | Entered Level 1 of the Lair of Beasts
 14907 | Lair:1   | Noticed Erica
 14931 | Lair:1   | Killed Erica
 14931 | Lair:1   | Reached skill level 10 in Fighting
 14931 | Lair:1   | Reached skill level 5 in Invocations
 15067 | Lair:1   | Got a twitching ruby amulet
 15100 | Lair:1   | Reached skill level 5 in Spellcasting
 15805 | Lair:1   | Reached XP level 12. HP: 75/98 MP: 19/19
 16717 | Lair:2   | Identified the amulet of the Ban {Inacc *Corrode +Blink
                  | rC+++ MP+9} (You found it on level 1 of the Lair of Beasts)
 16759 | Lair:2   | Reached skill level 5 in Armour
 17034 | Lair:2   | Found a dark tunnel.
 17558 | Lair:3   | Found a hole to the Spider Nest.
 18124 | Lair:3   | Reached skill level 5 in Charms
 18693 | Lair:4   | Noticed a seven-headed hydra
 18710 | Lair:4   | Killed a seven-headed hydra
 19029 | Lair:4   | Noticed an eight-headed hydra
 19050 | Lair:4   | Killed an eight-headed hydra
 19050 | Lair:4   | Reached XP level 13. HP: 70/108 MP: 20/20
 19421 | Lair:4   | Learned a level 2 spell: Corpse Rot
 19426 | Lair:4   | Learned a level 3 spell: Spectral Weapon
 19561 | Lair:4   | You fall into a shaft and drop 2 floors!
 19561 | Lair:6   | Entered Level 6 of the Lair of Beasts
 19572 | Lair:6   | Noticed an ice dragon
 19745 | Lair:4   | HP: 4/108 [seven-headed hydra (8)]
 20398 | Lair:4   | Got a blackened scale mail
 20407 | Lair:4   | Found a staircase to the Shoals.
 21293 | Lair:5   | Reached skill level 10 in Invocations
 21453 | Lair:5   | Found a staircase to the Slime Pits.
 21454 | Lair:5   | Found a viscous altar of Jiyva.
 22046 | Lair:6   | Reached skill level 1 in Hexes
 22556 | Lair:6   | Killed an ice dragon
 22581 | Lair:6   | Identified the +4 scale mail "Koawais" {Regen+ rCorr Int+8
                  | Stlth-} (You found it on level 4 of the Lair of Beasts)
 22723 | Lair:6   | Found a runed translucent door.
 22724 | Lair:6   | Noticed a fire dragon
 22766 | Lair:6   | Paralysed by a hornet for 2 turns
 22771 | Lair:6   | Reached XP level 14. HP: 31/118 MP: 21/21
 23851 | Lair:6   | Reached ***** piety under Fedhas
 24350 | Lair:6   | Reached skill level 5 in Hexes
 24776 | Lair:6   | Paralysed by a hornet for 2 turns
 25910 | D:11     | Found a staircase to the Orcish Mines.
 26723 | D:11     | Found a staircase to the Orcish Mines.
 26846 | D:11     | Reached skill level 15 in Dodging
 27275 | D:12     | Found a bloodstained altar of Trog.
 27408 | D:12     | Found a runed translucent door.
 27409 | D:12     | Noticed a lich
 27409 | D:12     | Noticed a fire giant
 27409 | D:12     | Noticed a stone giant
 27412 | D:12     | Noticed lis82's ghost (journeyman DgWz)
 27416 | D:12     | Found a runed translucent door.
 27922 | D:13     | Reached XP level 15. HP: 113/127 MP: 22/24
 27942 | D:13     | Reached skill level 15 in Fighting
 28179 | D:13     | Noticed Frances
 28197 | D:13     | Killed Frances
 28371 | D:13     | Found Bimposu's Magic Scroll Shop.
 28379 | D:13     | Bought a scroll of blinking for 120 gold pieces
 28478 | D:13     | Found a runed translucent door.
 28479 | D:13     | Found a runed translucent door.
 28480 | D:13     | Found a runed translucent door.
 28775 | D:13     | Found Cethruc's Book Boutique.
 29753 | D:14     | Found a gate to the Vaults.
 30157 | D:14     | Paralysed by a hornet for 2 turns
 30928 | D:15     | Entered Level 15 of the Dungeon
 31086 | D:15     | Got a pair of jewelled gloves
 31124 | D:15     | Noticed Zesiwosm's ghost (journeyman GrEE)
 31124 | D:15     | Noticed a frost giant
 31140 | D:15     | Found a blossoming altar of Fedhas.
 31278 | D:15     | Found a viscous altar of Jiyva.
 31810 | D:15     | Reached XP level 16. HP: 104/138 MP: 25/25
 31858 | D:15     | Learned a level 1 spell: Confusing Touch
 31972 | D:15     | Found a runed translucent gate.
 31972 | D:15     | Found a runed translucent gate.
 31972 | D:15     | Found a runed translucent gate.
 32467 | D:15     | Found a staircase to the Depths.
 32834 | Orc:1    | Entered Level 1 of the Orcish Mines
 32872 | Orc:1    | Identified the +2 pair of gloves "Igoo" {+Fly rCorr Stlth+}
                  | (You found it on level 15 of the Dungeon)
 32950 | Orc:1    | Reached skill level 10 in Hexes
 33178 | Orc:1    | Found Qareel's Magic Scroll Boutique.
 33377 | Orc:2    | Entered Level 2 of the Orcish Mines
 33503 | Orc:2    | Found a staircase to the Elven Halls.
 33593 | Orc:2    | Found Houde's Magic Scroll Shop.
 33594 | Orc:2    | Found Demouvinit's Food Boutique.
 33751 | Orc:2    | Paralysed by an orc sorcerer for 2 turns
 33856 | Orc:2    | Mangled by a sun demon

Levels and vault maps discovered:
D:1:      mrwooster_arrival_statue, layout_loops_ring
D:2:      layout_basic, lexackson_kobold_supper, uniq_jessica
D:3:      layout_loops_corners, lemuel_coloured_pillars_altar
D:4:      layout_gridville, uniq_sigmund
D:5:      layout_gridville, serial_rivers, chequers_serial_rivers_small_b,
          chequers_serial_rivers_micro_b, chequers_serial_rivers_room_b,
          chequers_serial_rivers_micro_d, chequers_serial_rivers_micro_a,
          chequers_serial_rivers_small_b, basic_altar,
          ebering_ghost_rock_garden, first_ration,
          chequers_serial_rivers_small_b, uniq_edmund, uniq_prince_ribbit1,
          uniq_ijyb
D:6:      layout_loops_ring, minmay_temple_entry_glass,
          chequers_serial_rivers_micro_c, feat_on_display, uniq_blork_the_orc
D:7:      layout_layer_cave, chequers_ossuary_entry_cave, basic_altar,
          lemuel_blue_sif_altar
D:8:      layout_basic
D:9:      hangedman_screamer, layout_gridville
D:10:     layout_layer_cave, due_lair_maze_entry_diamond, uniq_josephine
D:11:     layout_rooms, orc_0_dummy, special_room [special_room_kobold]
D:12:     layout_basic, muffindrake_ghost_dual_entry, basic_altar
D:13:     minmay_the_grid_triangle_9x9_rhombus_full_mashed
          [minmay_the_grid_triangle_9x9_skeleton,
          minmay_the_grid_triangle_9x9_dagger,
          minmay_the_grid_triangle_9x9_warning,
          minmay_the_grid_triangle_9x9_checkered,
          minmay_the_grid_triangle_9x9_empty,
          minmay_the_grid_triangle_9x9_sprig,
          minmay_the_grid_triangle_9x9_fully_insulated_deathbox,
          minmay_the_grid_triangle_9x9_prize_center], layout_cave_pods,
          serial_shops, nicolae_shop_trees, kennysheep_mini_moat,
          david_nohive_1, uniq_frances
D:14:     layout_roguey, lightli_vaults_fourway_checkpoint, special_room
          [special_room_mythical_zoo], serial_bayou_pond_e
D:15:     gammafunk_enter_depths_forms, layout_cave_pods, fedhas_altar_2,
          gammafunk_ghost_split, minivault_16, jiyva_altar_1
Temple:   roderic_octagonal_lattice_temple
Lair:1:   layout_cave_pods, lemuel_fruit_fields, grunt_megastairs_5, uniq_erica
Lair:2:   layout_cave_shapes, nicolae_volcano_entry_two_sided,
          infiniplex_staircase_pool
Lair:3:   layout_cave_pods, dummy_spider_entry
Lair:4:   layout_cave_pods, elwin_shoals_entry_rocks,
          chequers_serial_rivers_large_a
Lair:5:   layout_roguey, slime_altar_1, grunt_megastairs_2
Lair:6:   hangedman_lair_caniforms_friends, layout_layer_cave, wormcave,
          bobbens_ice_dragon_lair
Orc:1:    layout_diamond_mine, serial_shops, shop_scrolls
Orc:2:    pf_orc_diabolical, layout_diamond_mine,
          portal_ice_cave_entry_pillars_1

Skill      XL: |  1  2  3  4  5  6  7  8  9 10 11 12 13 14 15 16 |
---------------+-------------------------------------------------+-----
Dodging        | 3 4 5 7 9 10 11 13 15 16 | 16.7
Polearms       | 4 5 6 7 8 10 13 14 | 14.0
Shields        | 1 2 3 4 |  4.0
Fighting       | 3 4 5 7 9 10 12 13 14 16 | 16.4
Armour         | 2 4 5 |  5.0
Invocations    | 2 6 8 10 12 | 12.1
Spellcasting   | 3 5 |  5.4
Charms         | 5 |  5.0
Hexes          | 3 5 9 10 | 10.0

Action                   |  1- 3 |  4- 6 |  7- 9 | 10-12 | 13-15 | 16-18 || total
-------------------------+-------+-------+-------+-------+-------+-------++-------
Melee: Spear             |   165 |    21 |   246 |       |       |       ||   432
       Dagger            |       |   220 |   531 |       |       |       ||   751
       Tailslap          |       |       |     1 |       |       |       ||     1
       Trident           |       |       |    31 |   812 |  2246 |   432 ||  3521
 Cast: Infusion          |     4 |     1 |     5 |     2 |     9 |     1 ||    22
       Song of Slaying   |       |       |       |     1 |     3 |     1 ||     5
       Spectral Weapon   |       |       |       |       |     2 |       ||     2
       Confusing Touch   |       |       |       |       |       |     1 ||     1
Invok: Grow Ballistomyce |       |       |       |     5 |    13 |       ||    18
       Wall of Briars    |       |       |       |     2 |       |     1 ||     3
       Overgrow          |       |       |       |       |     6 |     4 ||    10
Evoke: Wand              |       |     2 |     5 |     1 |    12 |     2 ||    22
       Lamp of fire      |       |       |       |       |     1 |     1 ||     2
  Use: Scroll            |       |     6 |     8 |    12 |    11 |     4 ||    41
       Potion            |       |       |       |     4 |     1 |     1 ||     6
 Stab: Confused          |       |       |     1 |     6 |    12 |     2 ||    21
       Sleeping          |       |       |       |     1 |     1 |       ||     2
       Distracted        |       |       |       |       |     3 |     2 ||     5
       Petrified         |       |       |       |       |    23 |       ||    23
       Petrifying        |       |       |       |       |     1 |       ||     1
       Paralysed         |       |       |       |       |       |     3 ||     3
  Eat: Chunk             |     2 |     7 |    12 |    19 |    30 |     5 ||    75
       Ration            |       |     1 |     5 |     1 |     5 |     1 ||    13
Armor: Leather armour    |     9 |       |       |    14 |    28 |       ||    51
       Ring mail         |    36 |    72 |   164 |    63 |       |       ||   335
       Scale mail        |       |       |       |       |   513 |    88 ||   601
Dodge: Dodged            |    91 |   135 |   464 |   376 |  1450 |   372 ||  2888
Block: Buckler           |    14 |    39 |   138 |    98 |   379 |    94 ||   762

Table legend:
 A = Non-vault XP
 B = Vault XP
 C = Vault XP percentage of total XP
 D = Non-vault monster count
 E = Vault monster count
 F = Vault count percentage of total count
                 A         B        C        D         E       F
            +---------+---------+-------+---------+---------+-------
      Total |   87618 |   61821 |  41.4 |     569 |     283 |  33.2
            +---------+---------+-------+---------+---------+-------
        D:1 |      30 |       0 |   0.0 |      17 |       0 |   0.0
        D:2 |      73 |      50 |  40.7 |      20 |       9 |  31.0
        D:3 |      75 |       0 |   0.0 |      27 |       0 |   0.0
        D:4 |     133 |     238 |  64.2 |      13 |       1 |   7.1
        D:5 |     362 |     439 |  54.8 |       6 |       2 |  25.0
        D:6 |     722 |      99 |  12.1 |      21 |       1 |   4.5
        D:7 |     750 |       0 |   0.0 |      28 |       0 |   0.0
        D:8 |    1019 |       0 |   0.0 |      22 |       0 |   0.0
        D:9 |    1079 |    4073 |  79.1 |      21 |      29 |  58.0
       D:10 |    3834 |    1105 |  22.4 |      34 |       9 |  20.9
       D:11 |    5680 |    1410 |  19.9 |      54 |      18 |  25.0
       D:12 |    3762 |       0 |   0.0 |      25 |       0 |   0.0
       D:13 |    3732 |   12636 |  77.2 |      24 |      40 |  62.5
       D:14 |   12172 |    9742 |  44.5 |      46 |      30 |  39.5
       D:15 |    8468 |    4973 |  37.0 |      25 |      13 |  34.2
     Lair:1 |    5741 |    1341 |  18.9 |      27 |       2 |   6.9
     Lair:2 |    2707 |       0 |   0.0 |      14 |       0 |   0.0
     Lair:3 |    5102 |       0 |   0.0 |      23 |       0 |   0.0
     Lair:4 |    6267 |       0 |   0.0 |      14 |       0 |   0.0
     Lair:5 |    9675 |     410 |   4.1 |      35 |       2 |   5.4
     Lair:6 |   11195 |   18007 |  61.7 |      46 |      76 |  62.3
      Orc:1 |    4394 |       0 |   0.0 |      25 |       0 |   0.0
      Orc:2 |     646 |    7298 |  91.9 |       2 |      51 |  96.2
            +---------+---------+-------+---------+---------+-------
